 Dungeon Crawl Stone Soup version 0.17.0-24-gcfadda4 (webtiles) character file.

14982 Ijustatesigmund the Covert (level 11, -4/121 HPs)
             Began as a Demonspawn Wizard on Nov 14, 2015.
             Was a High Priest of Vehumet.
             Killed from afar by a deep elf conjurer (6 damage)
             ... with a bolt of fire
             ... on level 1 of the Elven Halls on Nov 15, 2015.
             The game lasted 02:47:44 (21996 turns).

Ijustatesigmund the Covert (Demonspawn Wizard)     Turns: 21996, Time: 02:47:45

Health: -4/121     AC: 35    Str:  8    XL:     11   Next: 95%
Magic:  14/19      EV:  2    Int: 20    God:    Vehumet [*****.]
Gold:   442        SH:  4    Dex: 14    Spells: 11 memorised, 1 level left

rFire  . . .     SeeInvis .     A - +2 scimitar (protect)
rCold  . . .     Clarity  .     (armour currently unavailable)
rNeg   + + +     SustAt   .     f - +0 buckler
rPois  +         Gourm    +     (helmet currently unavailable)
rElec  .         Spirit   .     (cloak currently unavailable)
rCorr  .         Warding  .     (gloves currently unavailable)
rMut   .         NoTele   +     (boots currently unavailable)
MR     .....                    j - amulet of the gourmand
Stlth  ++++++++..               t - +5 ring of protection
                                x - ring of wizardry

@: lethally poisoned (-4 -> -13), tree-form, very slightly contaminated, not
resistant to hostile enchantments, extraordinarily stealthy
A: (talons 0), (iridescent scales 0), demonic guardian 1, (fire resistance 0),
nightstalker 2
a: Renounce Religion


You were on level 1 of the Elven Halls.
You worshipped Vehumet.
Vehumet was extremely pleased with you.
You were very full.
You were a tree.
You visited 4 branches of the dungeon, and saw 18 of its levels.

You collected 1110 gold pieces.
You spent 668 gold pieces at shops.

Inventory:

Hand Weapons
 y - a +0 blowgun
 A - a +2 scimitar of protection (weapon)
Missiles
 r - 4 javelins (quivered)
 D - a curare-tipped needle
 O - 2 needles of slowing
Armour
 a - a +0 shield of reflection
 b - a +0 hat (melded)
 f - a +0 buckler (worn)
 k - a +1 robe of resistance
 n - a +1 pair of boots (melded)
 u - the +0 buckler of the First Ghosts {MR+ Str+4 Int-2}
   (You bought it in a shop on level 3 of the Orcish Mines)

   It affects your strength (+4).
   It affects your intelligence (-2).
   It affects your resistance to hostile enchantments.
 w - a +1 cloak (melded)
 N - a +1 pair of gloves of archery (melded)
 R - a +2 leather armour of magic resistance (melded)
Magical Staves
 E - an uncursed staff of summoning {unknown}
Jewellery
 e - an uncursed ring of ice
 g - an uncursed ring of poison resistance
 j - an amulet of the gourmand (around neck)
 t - a +5 ring of protection (right branch)
 x - a ring of wizardry (left branch)
Wands
 i - a wand of paralysis (7)
 p - a wand of flame (26)
 s - a wand of lightning (2)
 z - a wand of enslavement (4)
 B - a wand of teleportation (2)
Scrolls
 m - 8 scrolls of remove curse
 C - a scroll of recharging
 F - 2 scrolls of fog
 K - a scroll of enchant weapon
Potions
 h - a potion of flight
 l - a potion of cure mutation
 q - a potion of cancellation
 v - a potion of agility
 J - a potion of lignification
 M - 2 potions of brilliance
Books
 c - a book of Minor Magic

   Spells                             Type                      Level
   a - Magic Dart                     Conjuration                  1
   b - Blink                          Translocation                2
   c - Call Imp                       Summoning                    2
   d - Repel Missiles                 Charms/Air                   2
   e - Slow                           Hexes                        2
   f - Conjure Flame                  Conjuration/Fire             3
   g - Mephitic Cloud                 Conjuration/Poison/Air       3
 I - a book of Party Tricks

   Spells                             Type                      Level
   a - Summon Butterflies             Summoning                    1
   b - Apportation                    Translocation                1
   c - Tukima's Dance                 Hexes                        3
   d - Alistair's Intoxication        Transmutation/Poison         4
   e - Invisibility                   Hexes                        6
Comestibles
 d - 5 bread rations
 o - 3 meat rations
 P - 9 royal jellies
 Q - 15 fruits


   Skills:
 - Level 6.1 Fighting
 - Level 5.0 Long Blades
   Level 1.2 Maces & Flails
 - Level 4.5 Throwing
 - Level 3.1 Armour
 - Level 5.7 Dodging
 - Level 8.0 Stealth
 + Level 2.0 Shields
 - Level 5.7 Spellcasting
 - Level 6.0 Conjurations
 - Level 2.2 Charms
 - Level 2.4 Summonings
 - Level 3.3 Translocations
 - Level 3.1 Fire Magic
 - Level 3.1 Ice Magic
 - Level 4.1 Air Magic
 - Level 4.7 Poison Magic


You had one spell level left.
You knew the following spells:

 Your Spells              Type           Power        Failure   Level  Hunger
a - Magic Dart            Conj           ####         1%          1    None
b - Blink                 Tloc           N/A          3%          2    None
c - Repel Missiles        Chrm/Air       ###...       3%          2    None
d - Mephitic Cloud        Conj/Pois/Air  ####....     1%          3    ##.....
e - Freeze                Ice            ###.         1%          1    None
f - Throw Frost           Conj/Ice       ###...       1%          2    None
g - Apportation           Tloc           ###.......   1%          1    None
h - Summon Butterflies    Summ           ###.....     3%          1    None
i - Throw Flame           Conj/Fire      ###...       1%          2    None
j - Inner Flame           Hex/Fire       ##......     2%          3    ##.....
k - Call Imp              Summ           ###.....     4%          2    None


Dungeon Overview and Level Annotations

Branches:
Dungeon (12/15)            Temple (0/1) D:6            Lair (1/8) D:11
    Orc (4/4) D:12            Elf (1/3) Orc:4

Altars:
Elyvilon
Fedhas
Makhleb
Ru
Sif Muna
Trog
Vehumet
Xom
Yredelemnul
Beogh

Shops:
D:6 [(!(   D:8 [   Orc:2 *   Orc:3 [

Annotations:
D:11 cireshan's ghost, journeyman DECj
Lair:1 Fannar
Orc:2 Maud; Rupert


Innate Abilities, Weirdness & Mutations

((You have razor-sharp toenails.))
((You are mostly covered in iridescent scales (AC +6).))
A weak demonic guardian rushes to your aid.
((Your flesh is heat resistant.))
You are significantly more attuned to the shadows.


Message History

Your crimson imp disappears in a puff of smoke!
The short sword of venom hits you but does no damage.
The short sword of freezing hits you but does no damage.
The deep elf conjurer closely misses your crimson imp.
Your crimson imp blinks!
The short sword of venom completely misses you.
Your crimson imp barely misses the deep elf conjurer.
You swing at nothing.
You feel less confused.
The deep elf conjurer seems less confused.
You block the short sword of freezing's attack.
The short sword of venom hits you.
* * * LOW HITPOINT WARNING * * *
You are more poisoned.
The short sword of freezing hits you but does no damage.
The deep elf conjurer gestures at you while chanting.
The bolt of fire hits the short sword of freezing.
The short sword of freezing resists.
Helpless, you fail to dodge the bolt of fire.
You die...

.# #####
#'##...+##
#...<5..#
#....e..#
#...?#####
#..#♣(e..#
#...(#.#.#
###'## ..
#e .. #5 .
#. ##


You could see 2 deep elf conjurers, a deep elf mage (confused), 2 dancing
weapons and 2 friendly crimson imps.

Vanquished Creatures
  Urug (D:11)
  An unseen horror (D:10)
  Pikel (D:8)
  An ugly thing (D:12)
  A freezing wraith (D:9)
  2 komodo dragons
  Prince Ribbit (D:8)
  2 two-headed ogres
  A troll (D:11)
  4 slime creatures (D:9)
  A trapdoor spider (D:10)
  4 yaks
  3 wyverns
  A deep elf mage (D:10)
  A deep elf fighter (Elf:1)
  2 water moccasins (D:9)
  5 hippogriffs
  2 soldier ants (D:10)
  3 porcupines
  2 ice beasts
  5 orc warriors
  2 spiders (D:10)
  5 sky beasts
  A phantom (D:10)
  3 centaurs
  5 ogres
  An eye of draining (D:12)
  10 giant frogs
  A brain worm (D:11)
  A gnoll sergeant (D:6)
  A wyvern zombie (D:9)
  2 big kobolds
  12 wights (D:10)
  7 scorpions
  6 killer bees
  4 crimson imps
  8 hounds
  2 quasits
  A centaur zombie (D:9)
  3 jellies
  29 orc wizards
  4 worker ants
  15 orc priests
  4 iguanas
  3 gnolls (D:6)
  7 adders
  A river rat (D:11)
  2 shadow imps
  2 oozes
  2 adder skeletons (D:9)
  3 worms
  5 giant geckos
  118 orcs
  8 giant cockroaches
  5 goblins
  7 hobgoblins
  17 jackals
  4 quokkas
  3 ball pythons
  18 bats
  4 giant newts
  18 kobolds
  A quokka skeleton (D:8)
  10 rats
  A plant (D:6)
410 creatures vanquished.

Vanquished Creatures (collateral kills)
  Donald (Orc:3)
  A hill giant (D:10)
  An ugly thing (D:11)
  Menkaure (D:6)
  A centaur (D:9)
  2 giant frogs
  A killer bee (D:10)
  A giant frog skeleton (D:10)
  A hound (D:5)
  2 worker ants
  A gnoll (D:6)
  6 orcs
  2 quokkas
21 creatures vanquished.

Vanquished Creatures (others)
  A yak (D:9)
  A deep elf fighter (Elf:1)
  A slave (D:8)
  A necrophage (D:9)
  A centaur (D:9)
  2 giant frogs (D:9)
  A killer bee (D:9)
  A jelly (D:9)
  2 worker ants (D:9)
  An orc (D:9)
  7 fungi
  3 plants
22 creatures vanquished.

Grand Total: 453 creatures vanquished

Notes
Turn   | Place    | Note
--------------------------------------------------------------
     0 | D:1      | Ijustatesigmund the Demonspawn Wizard began the quest for the Orb.
     0 | D:1      | Reached XP level 1. HP: 13/13 MP: 4/4
   211 | D:1      | Gained mutation: You are partially covered in iridescent scales (AC +4). [demonic ancestry]
   211 | D:1      | Reached XP level 2. HP: 17/19 MP: 3/6
   357 | D:1      | Learned a level 2 spell: Blink
   360 | D:1      | Learned a level 2 spell: Repel Missiles
   651 | D:1      | Reached skill level 1 in Translocations
   927 | D:2      | Gained mutation: A weak demonic guardian rushes to your aid. [demonic ancestry]
   927 | D:2      | Reached XP level 3. HP: 24/24 MP: 0/7
   932 | D:2      | Learned a level 3 spell: Mephitic Cloud
  1035 | D:2      | Found a white marble altar of Elyvilon.
  1854 | D:2      | Reached skill level 1 in Throwing
  1854 | D:2      | Reached XP level 4. HP: 30/30 MP: 0/8
  2162 | D:3      | Upgraded the game from 0.17.0-23-g0de4337 to 0.17.0-24-gcfadda4
  3010 | D:3      | Found a radiant altar of Vehumet.
  3013 | D:3      | Became a worshipper of Vehumet
  3354 | D:4      | Reached skill level 1 in Air Magic
  3629 | D:4      | Noticed an ice beast
  3818 | D:3      | Reached skill level 1 in Fighting
  3818 | D:3      | Reached skill level 1 in Poison Magic
  3818 | D:3      | Gained mutation: You have sharp toenails. [demonic ancestry]
  3818 | D:3      | Reached XP level 5. HP: 34/37 MP: 1/9
  4145 | D:3      | Found a deep blue altar of Sif Muna.
  4976 | D:4      | Killed an ice beast
  4976 | D:4      | Reached skill level 1 in Charms
  4976 | D:4      | Gained mutation: You are mostly covered in iridescent scales (AC +6). [demonic ancestry]
  4976 | D:4      | Reached XP level 6. HP: 43/43 MP: 8/10
  5542 | D:5      | Entered Level 5 of the Dungeon
  5613 | D:5      | Found a deep blue altar of Sif Muna.
  5698 | D:5      | Reached * piety under Vehumet
  5698 | D:5      | Offered knowledge of Freeze by Vehumet.
  5704 | D:5      | Learned a level 1 spell: Freeze
  5931 | D:5      | Found a sacrificial altar of Ru.
  5931 | D:5      | Found a bloodstained altar of Trog.
  6610 | D:6      | Found Dajeryn's Distillery.
  6647 | D:6      | Gained mutation: You are slightly more attuned to the shadows. [demonic ancestry]
  6647 | D:6      | Reached XP level 7. HP: 39/51 MP: 2/11
  6938 | D:6      | Reached skill level 4 in Fighting
  7037 | D:6      | Reached skill level 1 in Maces & Flails
  7169 | D:6      | Found Atsef's Antique Weapon Shoppe.
  7175 | D:6      | Bought a runed scimitar for 92 gold pieces
  7394 | D:6      | Noticed a wyvern
  7409 | D:6      | Killed a wyvern
  7409 | D:6      | Reached XP level 8. HP: 43/60 MP: 8/14
  7559 | D:6      | Noticed Menkaure
  7564 | D:6      | Killed Menkaure
  7564 | D:6      | Reached skill level 1 in Long Blades
  7762 | D:6      | Found Bioqul's Armour Emporium.
  7777 | D:6      | Found Emano's Weapon Shoppe.
  7877 | D:6      | Found a staircase to the Ecumenical Temple.
  8730 | D:7      | Found a basalt altar of Yredelemnul.
  9171 | D:7      | Reached ** piety under Vehumet
  9276 | D:7      | Offered knowledge of Throw Frost by Vehumet.
  9280 | D:7      | Learned a level 2 spell: Throw Frost
  9510 | D:7      | Reached skill level 1 in Ice Magic
  9550 | D:8      | Noticed Prince Ribbit
  9801 | D:8      | Killed Prince Ribbit
  9801 | D:8      | Gained mutation: You are significantly more attuned to the shadows. [demonic ancestry]
  9801 | D:8      | Reached XP level 9. HP: 63/65 MP: 9/15
  9992 | D:8      | Learned a level 1 spell: Apportation
  9994 | D:8      | Learned a level 1 spell: Summon Butterflies
 10102 | D:8      | Noticed Pikel
 10123 | D:8      | Killed Pikel
 10211 | D:8      | Found Doutyck's Antique Armour Boutique.
 10225 | D:8      | Bought a pair of runed gloves for 121 gold pieces
 10747 | D:9      | Found a shimmering altar of Xom.
 11541 | D:9      | Reached skill level 5 in Conjurations
 11566 | D:10     | Entered Level 10 of the Dungeon
 11662 | D:9      | Offered knowledge of Throw Flame by Vehumet.
 11662 | D:9      | Gained mutation: You have razor-sharp toenails. [demonic ancestry]
 11662 | D:9      | Reached XP level 10. HP: 72/72 MP: 12/16
 11666 | D:9      | Learned a level 2 spell: Throw Flame
 11798 | D:9      | Reached skill level 1 in Fire Magic
 12574 | D:10     | Killed an unseen horror
 12898 | D:10     | Found a blossoming altar of Fedhas.
 12937 | D:10     | Reached *** piety under Vehumet
 13020 | D:11     | Noticed a brown ugly thing
 13046 | D:10     | Reached skill level 5 in Spellcasting
 13052 | D:10     | Reached skill level 5 in Fighting
 13452 | D:10     | Noticed a hill giant
 13479 | D:10     | Killed a hill giant
 13479 | D:10     | Reached skill level 5 in Dodging
 13671 | D:10     | Offered knowledge of Inner Flame by Vehumet.
 13885 | D:10     | Reached skill level 5 in Stealth
 14039 | D:11     | Noticed Urug
 14074 | D:11     | Killed Urug
 14074 | D:11     | Reached skill level 6 in Stealth
 14074 | D:11     | Gained mutation: Your flesh is heat resistant. [demonic ancestry]
 14074 | D:11     | Reached XP level 11. HP: 24/79 MP: 12/18
 15222 | D:11     | Reached skill level 7 in Stealth
 15230 | D:11     | Got a shimmering trident
 15231 | D:11     | Identified the cursed +2 trident "Nuamn" {drain, +Blink Dex+2} (You found it on level 11 of the Dungeon)
 15379 | D:11     | Killed a brown ugly thing
 15416 | D:11     | Found a staircase to the Lair.
 15472 | D:11     | Noticed cireshan's ghost (journeyman DECj)
 15495 | Lair:1   | Entered Level 1 of the Lair of Beasts
 15832 | Lair:1   | Reached **** piety under Vehumet
 16061 | Lair:1   | Noticed Fannar
 16091 | Lair:1   | Reached skill level 8 in Stealth
 16606 | D:10     | Learned a level 3 spell: Inner Flame
 16618 | D:10     | Learned a level 2 spell: Call Imp
 16717 | D:11     | Noticed a fire dragon
 17117 | D:12     | Reached skill level 1 in Armour
 17186 | D:12     | Offered knowledge of Static Discharge by Vehumet.
 17472 | D:12     | Found a staircase to the Orcish Mines.
 17792 | D:12     | Noticed a four-headed hydra
 17827 | Orc:1    | Entered Level 1 of the Orcish Mines
 18239 | Orc:2    | Noticed Rupert
 18264 | Orc:1    | Found a burning altar of Makhleb.
 18365 | Orc:1    | Reached ***** piety under Vehumet
 18452 | Orc:1    | Offered knowledge of Fulminant Prism by Vehumet.
 18479 | Orc:1    | Found a roughly hewn altar of Beogh.
 19877 | Orc:2    | Paralysed by Rupert for 2 turns
 20141 | Orc:3    | Noticed Donald
 20146 | Orc:2    | Found Heda Ont's Assorted Antiques.
 20233 | Orc:2    | Bought an ancient cloak for 294 gold pieces
 20243 | Orc:2    | Identified the cursed +0 cloak "Vefaan" {rElec rN+ rCorr Slay-5} (You bought it in a shop on level 2 of the Orcish Mines)
 20395 | Orc:3    | Killed Donald
 20408 | Orc:3    | Reached skill level 5 in Long Blades
 20978 | Orc:3    | Found Becotsa's Antique Armour Emporium.
 20984 | Orc:3    | Bought a blackened buckler for 161 gold pieces
 20989 | Orc:3    | Identified the +0 buckler of the First Ghosts {MR+ Str+4 Int-2} (You bought it in a shop on level 3 of the Orcish Mines)
 21207 | Orc:2    | Noticed Maud
 21329 | Orc:4    | Entered Level 4 of the Orcish Mines
 21349 | Orc:4    | Reached skill level 1 in Shields
 21466 | Orc:4    | Offered knowledge of Bolt of Draining by Vehumet.
 21793 | Orc:4    | Found a staircase to the Elven Halls.
 21960 | Elf:1    | Entered Level 1 of the Elven Halls
 21968 | Elf:1    | Noticed a short sword of freezing
 21990 | Elf:1    | Noticed a short sword of venom
 21991 | Elf:1    | Noticed a deep elf knight
 21992 | Elf:1    | HP: 3/81 [cloud of noxious fumes (2)]
 21996 | Elf:1    | Killed from afar by a deep elf conjurer

Action                   |  1- 3 |  4- 6 |  7- 9 | 10-12 || total
-------------------------+-------+-------+-------+-------++-------
Melee: Dagger            |    52 |    19 |       |       ||    71
       Rapier            |       |    60 |    62 |       ||   122
       Scimitar          |       |       |   160 |   597 ||   757
       Flail             |       |       |     3 |       ||     3
       Blowgun           |       |       |       |     1 ||     1
 Fire: Blowgun           |       |       |     2 |    11 ||    13
Throw: Javelin           |     4 |    16 |    16 |    48 ||    84
       Throwing net      |       |       |       |     1 ||     1
 Cast: Magic Dart        |   100 |   189 |   206 |   475 ||   970
       Repel Missiles    |     1 |     1 |     3 |     4 ||     9
       Mephitic Cloud    |       |     8 |    28 |   100 ||   136
       Blink             |       |     2 |     3 |    20 ||    25
       Freeze            |       |       |    12 |       ||    12
       Throw Frost       |       |       |    10 |     7 ||    17
       Apportation       |       |       |     2 |    16 ||    18
       Throw Flame       |       |       |       |    16 ||    16
       Call Imp          |       |       |       |     8 ||     8
       Summon Butterflie |       |       |       |     2 ||     2
       Inner Flame       |       |       |       |     1 ||     1
Evoke: Wand              |       |     1 |     4 |    15 ||    20
  Use: Scroll            |     6 |    13 |    12 |    10 ||    41
       Potion            |     1 |     6 |     6 |    13 ||    26
 Stab: Sleeping          |       |     1 |     3 |    14 ||    18
       Confused          |       |     1 |     7 |    23 ||    31
       Distracted        |       |     1 |     1 |     1 ||     3
  Eat: Chunk             |     2 |     9 |    11 |    44 ||    66
       Royal jelly       |       |     1 |     1 |       ||     2
       Beef jerky        |       |     1 |       |     1 ||     2
       Bread ration      |       |     1 |       |     1 ||     2
       Fruit             |       |       |     4 |       ||     4
       Pizza             |       |       |     1 |       ||     1
